 Dungeon Sprint DCSS version 0.18-a0-1655-ge2d8d33 (webtiles) character file.

19400000 namelastname112 the Sabretooth (level 27, 0/149 HPs)
             Began as a Felid Monk on Mar 30, 2016.
             Was the Champion of Makhleb.
             Killed by the air
             ... invoked by a tyrant
              (12 damage)
             ... in the Dungeon (Sprint VIII: "Arena of Blood").
             The game lasted 00:03:30 (194 turns).

namelastname112 the Sabretooth (Felid Monk)          Turns: 194, Time: 00:03:30

Health: 0/149      AC:  3    Str:  7    XL:     27
Magic:  55/55      EV: 47    Int: 13    God:    Makhleb [******]
Gold:   0          SH:  0    Dex: 30    Spells: 0 memorised, 80 levels left
                                        Lives:  0   Deaths: 4

rFire  + . .     SeeInvis +       - Unarmed
rCold  + . .     Gourm    .     (armour unavailable)
rNeg   . . .     Faith    .     (shield unavailable)
rPois  .         Spirit   .     (helmet unavailable)
rElec  .         Dismiss  .     (cloak unavailable)
rCorr  .         Reflect  .     (gloves unavailable)
SustAt .         Harm     .     (boots unavailable)
MR     ++++.     NoTele   +     (no amulet)
Stlth  ++++++++++               i - ring of protection from fire
                                h - +27000 ring of slaying

@: quick, incredibly resistant to hostile enchantments, uncannily stealthy
A: no armour, no weapons or thrown items, claws 1, fangs 3, see invisible,
carnivore 3, speed 1, shaggy fur 3, slow metabolism 1, sharp paws
a: Minor Destruction, Lesser Servant of Makhleb, Major Destruction, Greater
Servant of Makhleb, Renounce Religion


You were in the Dungeon.
You worshipped Makhleb.
Makhleb was exalted by your worship.
You were not hungry.

You visited 1 branch

Inventory:

Jewellery
 h - a +27000 ring of slaying (left paw)
 i - a ring of protection from fire (right paw)
Scrolls
 g - a scroll of blinking
Potions
 b - a potion of curing
 c - a potion of heal wounds
 d - a potion of haste
 e - 2 potions of magic
 f - a potion of berserk rage
Comestibles
 a - a meat ration


   Skills:
 O Level 27 Fighting
 O Level 27 Dodging
 O Level 27 Stealth
 O Level 27 Unarmed Combat
 O Level 27 Spellcasting
 O Level 27 Invocations


You had 80 spell levels left.
You didn't know any spells.

Dungeon Overview and Level Annotations

Branches:
Dungeon (1/1)

Altars:
Makhleb


Innate Abilities, Weirdness & Mutations

You cannot wear armour.
You are incapable of wielding weapons or throwing items.
You have sharp claws.
You have razor-sharp teeth.
You have supernaturally acute eyesight.
You are carnivorous and can eat meat at any time.
You cover ground quickly.
Your thick and shaggy fur keeps you warm (AC +3, rC+).
You have a slow metabolism.
Your sharp claws are effective at attacking unaware monsters.


Message History

The eight-headed meat hydra convulses!
Your body is wracked with pain!
* * * LOW HITPOINT WARNING * * *
A wretched soul comes into view.
You hear a shout!
The meat berserker rages.
The tyrant casts a spell.
You hear a shout! x2
The eight-headed meat hydra calls on the powers of darkness!
The eight-headed meat hydra convulses!
Your body is wracked with pain!
* * * LOW HITPOINT WARNING * * *
The bag of meat convulses!
The eight-headed meat hydra convulses!
You hear a shout!
The eight-headed meat hydra calls on the powers of darkness!
The eight-headed meat hydra convulses! x2; The bag of meat convulses!
Your body is wracked with pain!
* * * LOW HITPOINT WARNING * * *
You hear a shout! x2
The tyrant waves its bony arms in wide circles.
The air twists around and strikes you!
You die...

#...........o.D..o....
....#...o..o...DWDp....
.....#.o.oo§..#.W.....#
........#.....#.......#
...D.#......###.......###...
#.L.C)))).....W..###...D....
##...).))#)......._.........
.#....)#)..)...#.....# .....
.†###...S......#@.<._#......
.##....#..x.O..#zW.).#......
#......Op#xo.DoxO._D....o...
#.......o†2W.ODo.###........
.......o2oWo###oOL....###...
.......oxOXW..#.MXO...#
..........o.O.#OpD....#


.....#.o.XOGzVoCLWX...o ....#.#.#2SXXOCLC.....o. You could see an accursed, 2
tyrants, 6 eight-headed meat hydras, 2 fleshlords, a sculptor of flesh, a large
bag of meat (inner flame), 2 large abominations, 4 wretched souls, a dread, 3
meat berserkers, 3 bags of meat and a crawling corpse.

Vanquished Creatures
  3 hell knights (D)
  Sigmund (D)
  7 hell beasts (D)
  7 greater mummies (D)
  3 great orbs of eyes (D)
  5 wraiths (D)
  8 vampire knights (D)
  22 ogres (D)
  3 liches (D)
  4 hydras (D)
  61 orcs (D)
  3 phantoms (D)
  2 hill giants (D)
  7 skeletal warriors (D)
  4 sea snakes (D)
  2 small abominations (D)
  8 large abominations (D)
  4 crawling corpses (D)
154 creatures vanquished.

Vanquished Creatures (others)
  3 crawling corpses (D)
3 creatures vanquished.

Grand Total: 157 creatures vanquished

Notes
Turn   | Place    | Note
--------------------------------------------------------------
     0 | D        | namelastname112 the Felid Monk began the quest for the Orb.
     0 | D        | Reached XP level 1. HP: 10/10 MP: 2/2
     3 | D        | Noticed a bag of meat
     3 | D        | Noticed a bag of meat
     4 | D        | Noticed a bag of meat
     4 | D        | Noticed a bag of meat
     4 | D        | Noticed a bag of meat
     4 | D        | Noticed a bag of meat
     5 | D        | Noticed a bag of meat
     6 | D        | Killed a bag of meat
     6 | D        | Reached XP level 2. HP: 24/24 MP: 3/3
     6 | D        | Reached XP level 3. HP: 28/28 MP: 4/4
     6 | D        | Reached XP level 4. HP: 32/32 MP: 5/5
     6 | D        | Reached XP level 5. HP: 36/36 MP: 6/6
     6 | D        | Gained mutation: You are covered in thick fur (AC +2). [Felid growth]
     6 | D        | Reached XP level 6. HP: 40/40 MP: 7/7
     6 | D        | Reached XP level 7. HP: 43/43 MP: 8/8
     6 | D        | Reached XP level 8. HP: 48/48 MP: 9/9
     6 | D        | Reached XP level 9. HP: 51/51 MP: 10/10
     6 | D        | Reached XP level 10. HP: 55/55 MP: 11/11
     6 | D        | Reached XP level 11. HP: 59/59 MP: 12/12
     7 | D        | Became a worshipper of Makhleb the Destroyer
     7 | D        | Reached * piety under Makhleb
     7 | D        | Reached ** piety under Makhleb
     9 | D        | Killed a bag of meat
     9 | D        | Reached skill level 15 in Fighting
     9 | D        | Gained mutation: Your thick and shaggy fur keeps you warm (AC +3, rC+). [Felid growth]
     9 | D        | Reached XP level 12. HP: 66/66 MP: 13/13
    10 | D        | Noticed a bag of meat
    11 | D        | Noticed a meat berserker
    11 | D        | Noticed a bag of meat
    11 | D        | Noticed a bag of meat
    12 | D        | Noticed a meat berserker
    12 | D        | Noticed a bag of meat
    12 | D        | Noticed a bag of meat
    12 | D        | Noticed a bag of meat
    12 | D        | Noticed a bag of meat
    13 | D        | Noticed a bag of meat
    13 | D        | Noticed a meat berserker
    13 | D        | Noticed a bag of meat
    14 | D        | Killed a bag of meat
    14 | D        | Reached skill level 10 in Stealth
    14 | D        | Reached XP level 13. HP: 72/72 MP: 14/14
    15 | D        | Noticed a meat berserker
    15 | D        | Killed a meat berserker
    15 | D        | Reached *** piety under Makhleb
    15 | D        | Reached skill level 27 in Unarmed Combat
    15 | D        | Reached XP level 14. HP: 80/80 MP: 15/15
    15 | D        | Slain by a meat berserker
    16 | D        | Reached XP level 13. HP: -5/76 MP: 14/14
    16 | D        | Noticed a bag of meat
    16 | D        | Noticed a meat berserker
    16 | D        | Noticed a bag of meat
    17 | D        | Noticed a bag of meat
    18 | D        | Noticed a bag of meat
    18 | D        | Noticed a meat berserker
    18 | D        | Killed a meat berserker
    18 | D        | Reached skill level 27 in Dodging
    18 | D        | Reached XP level 14. HP: 86/86 MP: 15/15
    19 | D        | Noticed a bag of meat
    21 | D        | Noticed a bag of meat
    22 | D        | Noticed a large bag of meat
    22 | D        | Noticed a bag of meat
    22 | D        | Killed a bag of meat
    22 | D        | Reached **** piety under Makhleb
    22 | D        | Reached skill level 15 in Stealth
    22 | D        | Reached XP level 15. HP: 93/93 MP: 16/16
    23 | D        | Noticed a meat berserker
    23 | D        | Noticed a meat berserker
    24 | D        | Noticed a meat berserker
    24 | D        | Noticed a meat berserker
    25 | D        | Noticed a meat berserker
    25 | D        | Reached skill level 27 in Fighting
    27 | D        | Killed a meat berserker
    27 | D        | Reached ***** piety under Makhleb
    27 | D        | Reached skill level 27 in Stealth
    27 | D        | Reached XP level 16. HP: 100/100 MP: 17/17
    28 | D        | Noticed a destroyer
    28 | D        | Noticed a meat berserker
    29 | D        | Killed a meat berserker
    29 | D        | Reached XP level 17. HP: 104/104 MP: 17/35
    30 | D        | Killed a meat berserker
    31 | D        | Noticed a destroyer
    31 | D        | Killed a meat berserker
    31 | D        | Reached XP level 18. HP: 12/109 MP: 17/44
    32 | D        | Killed a meat berserker
    33 | D        | Noticed a meat berserker
    33 | D        | Killed a meat berserker
    33 | D        | Reached skill level 27 in Invocations
    33 | D        | Reached XP level 19. HP: 113/113 MP: 17/50
    34 | D        | Killed a meat berserker
    34 | D        | Reached ****** piety under Makhleb
    34 | D        | Reached skill level 27 in Spellcasting
    35 | D        | Noticed a destroyer
    35 | D        | Killed a meat berserker
    36 | D        | Killed a large bag of meat
    36 | D        | Reached XP level 20. HP: 59/118 MP: 18/52
    38 | D        | Noticed a meat berserker
    39 | D        | Noticed a meat berserker
    39 | D        | Noticed a destroyer
    40 | D        | Mangled by a bag of meat
    41 | D        | Reached XP level 19. HP: -8/113 MP: 18/51
    42 | D        | Noticed a destroyer
    49 | D        | Noticed a meat berserker
    49 | D        | Killed a destroyer
    49 | D        | Reached XP level 20. HP: 118/118 MP: 52/52
    50 | D        | Killed a meat berserker
    51 | D        | Killed a destroyer
    51 | D        | Reached XP level 21. HP: 122/122 MP: 53/53
    54 | D        | Noticed an accursed
    54 | D        | Noticed an accursed
    55 | D        | Noticed an accursed
    55 | D        | Reached XP level 22. HP: 127/127 MP: 54/54
    58 | D        | Noticed a tyrant
    59 | D        | Noticed a destroyer
    60 | D        | Noticed an accursed
    61 | D        | Reached XP level 23. HP: 131/131 MP: 55/55
    63 | D        | Noticed a destroyer
    63 | D        | Killed a tyrant
    64 | D        | Noticed The Captor
    68 | D        | Killed a destroyer
    70 | D        | Noticed a dread
    70 | D        | Reached XP level 24. HP: 124/136 MP: 55/55
    72 | D        | Killed a destroyer
    73 | D        | Noticed a dread
    73 | D        | Killed an accursed
    73 | D        | Reached XP level 25. HP: 140/140 MP: 55/55
    75 | D        | Killed The Captor
    76 | D        | Reached XP level 26. HP: 142/145 MP: 55/55
    77 | D        | Killed an accursed
    78 | D        | Killed a dread
    80 | D        | Killed an accursed
    80 | D        | Reached XP level 27. HP: 66/147 MP: 55/55
    83 | D        | Noticed a tyrant
    83 | D        | Noticed an accursed
    85 | D        | Noticed a dread
    86 | D        | Noticed a meat beast
    86 | D        | Killed a dread
    88 | D        | Killed an accursed
    90 | D        | Noticed an accursed
    93 | D        | Killed a meat beast
    94 | D        | Noticed a meat beast
    94 | D        | Killed a destroyer
    98 | D        | Noticed a meat beast
   103 | D        | Noticed a meat beast
   103 | D        | Killed a meat beast
   104 | D        | Noticed an accursed
   106 | D        | Killed a dread
   107 | D        | Killed a destroyer
   108 | D        | Killed a tyrant
   109 | D        | Killed a meat beast
   113 | D        | Killed a meat beast
   118 | D        | Killed an accursed
   121 | D        | Noticed a dread
   124 | D        | Noticed a tyrant
   129 | D        | Killed an accursed
   133 | D        | Noticed a fleshlord
   135 | D        | Noticed a fleshlord
   135 | D        | Killed a dread
   137 | D        | Killed a tyrant
   140 | D        | Killed an accursed
   142 | D        | Killed a destroyer
   143 | D        | Killed a fleshlord
   151 | D        | Killed a fleshlord
   154 | D        | Noticed a dread
   154 | D        | Noticed a fleshlord
   164 | D        | Killed a fleshlord
   165 | D        | Killed a dread
   174 | D        | Noticed a meat beast
   174 | D        | Killed a meat beast
   179 | D        | HP: 6/145 [??? (3)]
   179 | D        | Killed from afar by an observer
   180 | D        | Noticed a tyrant
   180 | D        | Noticed a meat beast
   180 | D        | Noticed a tyrant
   180 | D        | Noticed a meat beast
   180 | D        | Noticed a destroyer
   180 | D        | Noticed a destroyer
   180 | D        | Noticed a meat beast
   180 | D        | Noticed a meat beast
   180 | D        | Noticed a dread
   180 | D        | Noticed a meat beast
   180 | D        | Noticed a tyrant
   182 | D        | Noticed a fleshlord
   183 | D        | Killed a meat beast
   186 | D        | Killed a meat beast
   187 | D        | Killed a destroyer
   188 | D        | Noticed an accursed
   188 | D        | HP: 5/149 [??? (3)]
   190 | D        | Annihilated by a fleshlord
   190 | D        | Noticed a tyrant
   191 | D        | Noticed a tyrant
   193 | D        | Noticed a fleshlord
   193 | D        | Noticed a fleshlord
   193 | D        | Noticed a dread
   194 | D        | Killed from afar by a tyrant

Vault maps used:
D:        meatsprint

Skill      XL: |  1  2  3  4  5  6  7  8  9 10 11 12 13 14 15 16 17 18 19 |
---------------+----------------------------------------------------------+-----
Fighting       | 13 15 17 23 26 27 | 27.0
Dodging        | 17 19 21 27 | 27.0
Stealth        | 8 9 10 14 15 27 | 27.0
Unarmed Combat | 20 23 25 27 | 27.0
Spellcasting   | 13 21 26 27 | 27.0
Invocations    | 14 22 27 | 27.0

Action                   |  1- 3 |  4- 6 |  7- 9 | 10-12 | 13-15 | 16-18 | 19-21 | 22-24 | 25-27 || total
-------------------------+-------+-------+-------+-------+-------+-------+-------+-------+-------++-------
Melee: Unarmed           |     1 |       |       |     2 |     6 |     5 |    15 |    18 |   111 ||   158
 Stab: Distracted        |       |       |       |       |       |       |       |       |     1 ||     1
